 Dungeon Crawl Stone Soup version 0.22-a0-32-ga749362bc3 (webtiles) character file.

69 Kaname the Conjurer (level 4, 21/30 HPs)
             Began as a Demonspawn Wizard on Jan 3, 2018.
             Quit the game on level 2 of the Dungeon.
             The game lasted 00:04:05 (1589 turns).

Kaname the Conjurer (Demonspawn Wizard)             Turns: 1589, Time: 00:04:06

Health: 21/30      AC:  8    Str:  8    XL:     4   Next: 2%
Magic:  4/8        EV: 12    Int: 20    God:
Gold:   129        SH:  0    Dex: 11    Spells: 3/9 levels left

rFire    . . .     SeeInvis .   e - +0 spear
rCold    . . .     Gourm    .   (no shield)
rNeg     . . .     Faith    .   a - +0 robe
rPois    .         Spirit   .   g - +0 helmet
rElec    .         Reflect  .   b - +2 cloak
rCorr    .         Harm     .   (no gloves)
MR       .....                  (no boots)
Stlth    ++........             (no amulet)
HPRegen  0.10/turn              (no ring)
MPRegen  0.11/turn              (no ring)

@: mildly poisoned (21 -> 19)
A: talons 1, iridescent scales 1, spiny 1
a: no special abilities


You were on level 2 of the Dungeon.
You were not hungry.

You visited 1 branch of the dungeon, and saw 2 of its levels.

You collected 129 gold pieces.

Inventory:

Hand Weapons
 e - a +0 spear (weapon)
Armour
 a - a +0 robe (worn)
 b - a +2 cloak (worn)
 g - a +0 helmet (worn)
Scrolls
 f - 3 scrolls of identify {unknown}
 j - a scroll of enchant armour {unknown}
Potions
 i - 2 potions of degeneration {unknown}
Books
 c - a book of Minor Magic

   Spells                             Type                      Level
   a - Magic Dart                     Conjuration                  1
   b - Blink                          Translocation                2
   c - Call Imp                       Summoning                    2
   d - Slow                           Hexes                        2
   e - Conjure Flame                  Conjuration/Fire             3
   f - Mephitic Cloud                 Conjuration/Poison/Air       3
Comestibles
 d - 3 rations


   Skills:
 - Level 1.7 Dodging
 - Level 1.7 Stealth
 - Level 3.0 Spellcasting
 + Level 3.5 Conjurations
   Level 1.0 Summonings
 - Level 1.1 Translocations
 - Level 1.1 Poison Magic


You had 3 spell levels left.
You knew the following spells:

 Your Spells              Type           Power        Failure   Level  Hunger
a - Magic Dart            Conj           ###.         3%          1    None
b - Blink                 Tloc           N/A          14%         2    ##.....
c - Mephitic Cloud        Conj/Pois/Air  #.......     22%         3    ###....


Dungeon Overview and Level Annotations

Branches:
Dungeon (2/15)

Altars:


Innate Abilities, Weirdness & Mutations

You have sharp toenails.
You are partially covered in iridescent scales. (AC +2)
You are partially covered in sharp spines.


Message History

Aiming: Magic Dart
Press: ? - help, Shift-Dir - straight line, f/p - adder
Aim: an adder (moderately wounded)
The magic dart hits the adder.
The adder is severely wounded.
You feel sick. The adder bites you. The adder barely misses you.
An adder comes into view.
Casting: Magic Dart
Confirm with . or Enter, or press ? or * to list all spells.
Aiming: Magic Dart
Press: ? - help, Shift-Dir - straight line, f/p - adder
Aim: an adder (severely wounded)
The magic dart hits the adder.
You kill the adder!
You have reached level 4!
You feel stronger.
Your demonic ancestry asserts itself...
Iridescent scales grow over part of your body.
The adder hisses angrily.
Unknown command.
Are you sure you want to abandon this character and quit the game? (Confirm with "yes".)

#...# ........# ###...#
........# ###.....#
........#####.......####
.S......#.........#.#...
.)......#....####.#.#...
........#..>.....)..'...
.......†#.......#.###...
#@..........# #...
#.#.......### #...
#.###'#...#######. ..#
#.....'....... .###
###...#######. ## #...#
#. ##### #. #. ####.


You could see an adder.

Vanquished Creatures
  2 adders (D:2)
  2 worms (D:2)
  A dart slug (D:1)
  A leopard gecko (D:1)
  6 goblins
  7 hobgoblins
  4 kobolds
  A quokka (D:2)
  2 ball pythons (D:1)
  6 bats
  4 frilled lizards
  7 rats (D:1)
43 creatures vanquished.

Notes
Turn   | Place    | Note
-------+----------+-------------------------------------------
     0 | D:1      | Kaname the Demonspawn Wizard began the quest for the Orb.
     0 | D:1      | Reached XP level 1. HP: 13/13 MP: 4/4
   332 | D:1      | Gained mutation: You have sharp toenails. [demonic ancestry]
   332 | D:1      | Reached XP level 2. HP: 19/19 MP: 4/6
   371 | D:1      | You fall through a shaft!
   406 | D:2      | Learned a level 2 spell: Blink
  1132 | D:1      | Gained mutation: You are partially covered in sharp spines. [demonic ancestry]
  1132 | D:1      | Reached XP level 3. HP: 24/24 MP: 3/7
  1137 | D:1      | Reached skill level 1 in Translocations
  1148 | D:1      | Learned a level 3 spell: Mephitic Cloud
  1473 | D:2      | Reached skill level 1 in Poison Magic
  1588 | D:2      | Gained mutation: You are partially covered in iridescent scales. (AC +2) [demonic ancestry]
  1588 | D:2      | Reached XP level 4. HP: 21/30 MP: 3/8
  1589 | D:2      | Quit the game

Vault maps used:
D:1:      dpeg_arrival_ratfight

Skill      XL: |  1  2  3 |
---------------+----------+-----
Conjurations   | 2 3 |  3.5
Translocations | 1 |  1.1
Poison Magic   | 1 |  1.1
Dodging        | |  1.7
Stealth        | |  1.7
Spellcasting   | |  3.0
Summonings     | |  1.0

Action                   |  1- 3 |  4- 6 || total
-------------------------+-------+-------++-------
Melee: Spear             |    55 |       ||    55
       Kick              |     6 |       ||     6
 Cast: Magic Dart        |    73 |     1 ||    74
 Stab: Sleeping          |     1 |       ||     1
  Eat: Chunk             |     2 |       ||     2
Armor: Robe              |    12 |       ||    12
Dodge: Dodged            |    34 |       ||    34

Table legend:
 A = Spawn XP
 B = Non-spawn XP
 C = Spawn XP percentage of total XP
 D = Spawn monster count
 E = Non-spawn monster count
 F = Spawn count percentage of total count
 G = Total turns spent on level
                    A         B        C        D         E        F      G
               +---------+---------+-------+---------+---------+-------+---------
         Total |       0 |      99 |   0.0 |       0 |      43 |   0.0 |  1589
               +---------+---------+-------+---------+---------+-------+---------
           D:1 |       0 |      44 |   0.0 |       0 |      29 |   0.0 |  1088
           D:2 |       0 |      55 |   0.0 |       0 |      14 |   0.0 |   501
               +---------+---------+-------+---------+---------+-------+---------
